 Dungeon Crawl Stone Soup version 0.30-a0-715-gdb4ae3ece1 (webtiles) character file.

Game seed: 8870332381082488937

2956 M4edhros the Martial Artist (level 9, 0/58 (62) HPs)
             Began as an Octopode Transmuter on Jan 24, 2023.
             Was a Priest of Zin.
             Slain by a soul eater (12 damage)
             ... summoned by a kobold demonologist
             ... on level 7 of the Dungeon.
             The game lasted 00:11:28 (5640 turns).

M4edhros the Martial Artist (Octopode Transmuter)   Turns: 5640, Time: 00:11:29

HP:   0/58 (62)     AC: -7    Str: 16    XL:     9   Next: 81%
MP:   13/13         EV: 21    Int: 15    God:    Zin [***...]
Gold: 215           SH:  0    Dex: 16    Spells: 11/12 levels left

rFire   . . .      SeeInvis .      - Unarmed
rCold   + . .      Faith    .    (no shield)
rNeg    . . .      Spirit   .    (helmet restricted)
rPois   +          Reflect  .    A - amulet of magic regeneration
rElec   .          Harm     .    c - +6 ring of strength
rCorr   .          Rampage  .    p - +5 ring of evasion
Will    .....                    j - ring of poison resistance
Stlth   ++                       v - ring of protection from cold
HPRegen 0.29/turn                (no ring)
MPRegen 0.53/turn                (no ring)
                                 (no ring)
                                 (no ring)

@: mighty, corroded, on recite cooldown, drained
A: almost no armour, amphibious, 8 rings, camouflage 1, gelatinous body 1,
(nimble swimmer 1), tentacles, mutation resistance 1
a: Renounce Religion, Recite, Vitalisation, Imprison, Donate Gold


You were on level 7 of the Dungeon.
You worshipped Zin.
Zin was most pleased with you.
You visited 2 branches of the dungeon, and saw 8 of its levels.

You collected 344 gold pieces.
You spent 95 gold pieces at shops.
You donated 34 gold pieces to Zin.

Inventory:

Missiles
 k - 23 poisoned darts
 u - a curare-tipped dart
Magical Staves
 f - a staff of poison
Jewellery
 c - a +6 ring of strength (left tentacle)
 j - a ring of poison resistance (on tentacle)
 p - a +5 ring of evasion (right tentacle)
 v - a ring of protection from cold (on tentacle)
 A - an amulet of magic regeneration (around mantle)
Wands
 s - a wand of flame (7)
Scrolls
 b - 2 scrolls of immolation {unknown}
 d - 2 scrolls of vulnerability {unknown}
 e - 9 scrolls of identify {unknown}
 g - a scroll of noise {unknown}
 h - 3 scrolls of teleportation {unknown}
 l - a scroll of enchant weapon {unknown}
 n - 3 scrolls of blinking {unknown}
 q - a scroll of silence {unknown}
 r - a scroll of poison {unknown}
 t - a scroll of amnesia {unknown}
 x - a scroll of magic mapping {unknown}
 y - 2 scrolls of enchant armour {unknown}
Potions
 a - a potion of lignification
 o - 2 potions of degeneration
 w - 2 potions of brilliance


   Skills:
 + Level 6.2 Fighting
 + Level 6.4 Dodging
 + Level 8.4 Unarmed Combat
 - Level 2.0 Spellcasting
 - Level 2.0 Transmutations
 + Level 6.6 Invocations


You had 11 spell levels left.
You knew the following spells:

 Your Spells              Type           Power      Damage    Failure   Level
a - Beastly Appendage     Tmut           14%        N/A       10%         1

Your spell library contained the following spells:

 Spells                   Type           Power      Damage    Failure   Level
 Wereblood                Tmut           7%         N/A       14%         2
 Call Imp                 Summ           1%         N/A       32%         2
 Static Discharge         Conj/Air       2%         2-3/arc   32%         2
 Spider Form              Tmut/Pois      4%         N/A       41%         3
 Vhi's Electric Charge    Tloc/Air       2%         N/A       54%         3
 Ice Form                 Ice/Tmut       4%         N/A       82%         4
 Summon Ice Beast         Ice/Summ       1%         N/A       91%         4
 Arcjolt                  Conj/Air       0%         1d10      99%         5
 Lightning Bolt           Conj/Air       0%         1d11      99%         5
 Summon Mana Viper        Hex/Summ       1%         N/A       99%         5


Dungeon Overview and Level Annotations

Branches:
Dungeon (7/15)             Temple (1/1) D:4

Altars:
Ashenzari
Dithmenos
Elyvilon
Fedhas
Gozag
Hepliaklqana
Nemelex Xobeh
Qazlal
Ru
Sif Muna
Trog
Uskayaw
Vehumet
Wu Jian
Yredelemnul
Zin

Shops:
D:3 [*   D:7 *


Innate Abilities, Weirdness & Mutations

You cannot wear most types of armour.
You are amphibious.
You can wear up to eight rings at the same time.
Your skin changes colour to match your surroundings (Stealth+).
Your rubbery body absorbs attacks. (AC +1, EV +1)
((You are camouflaged when in or above water. (Stealth+)))
You have tentacles for arms and can constrict up to eight enemies at once.
You are somewhat resistant to further mutation.


Message History

You constrict the rust devil.
The kobold demonologist casts a spell.
The soul eater hits you!
You feel drained. The rust devil closely misses you.
You tentacle-slap the soul eater but do no damage.
You grab the soul eater. You constrict the soul eater.
You constrict the rust devil. The rust devil closely misses you.
The soul eater hits you!
You tentacle-slap the soul eater.
The soul eater is lightly wounded.
You constrict the soul eater, but do no damage.
You constrict the rust devil, but do no damage.
The kobold demonologist mumbles some strange words.
The soul eater completely misses you. The rust devil completely misses you.
You bludgeon the soul eater! You squeeze the soul eater!
The soul eater is heavily wounded.
You constrict the soul eater, but do no damage.
You constrict the rust devil.
The kobold demonologist looks braver for a moment.
The sun demon closely misses you. The rust devil completely misses you.
The soul eater draws from the surrounding life force!
* * * LOW HITPOINT WARNING * * *
The soul eater is healed.
Okay, then.
Okay, then.
You bludgeon the soul eater! You squeeze the soul eater.
The soul eater is moderately wounded.
You constrict the soul eater. You constrict the rust devil.
The sun demon closely misses you.
You tentacle-slap the soul eater but do no damage.
You squeeze the soul eater, but do no damage.
The soul eater is moderately wounded.
You constrict the soul eater. You constrict the rust devil.
The rust devil completely misses you. The soul eater barely misses you.
The sun demon barely misses you.
You tentacle-slap the soul eater. You squeeze the soul eater!
The soul eater is severely wounded.
You constrict the soul eater, but do no damage.
You constrict the rust devil, but do no damage.
The rust devil completely misses you. The soul eater hits you!
You die...

............######.....#
.).....##....))).......#≈##
....##.....#####.#......≈≈≈
.......###.####...#.##....
...##### #......©.....>#≈≈
.### #..#########..#≈#
..... #..#8P.©.P8#...≈#
..... ..o#P.....P#...≈#
..... ..o####@####y..≈#
..... ..o#.≈3435K#y..≈#
>.... ...#)≈.5)≈5#...≈≈
..... ...#)≈~~~≈5#....#
..!.. ...#.≈~♣~≈.#....
..... .#.#.)~~~≈.#....
..... #.#.≈...≈.#.... #...
#.#.≈. .≈.#... #.#


You could see a soul eater (summoned), a sun demon (summoned), a rust devil
(summoned), a kobold demonologist, 2 killer bees, an iron imp (summoned), an orc
priest, a white imp (summoned), 2 shadow imps and 2 orcs.

Vanquished Creatures
  Pikel (D:7)
  Maggie (D:6)
  A kobold demonologist (D:7)
  Menkaure (D:7)
  Duvessa (D:6)
  A sky beast (D:7)
  4 ice beasts
  2 black bears
  A centaur (D:7)
  A kobold brigand (D:6)
  A gnoll sergeant (D:4)
  3 necrophages
  2 scorpions
  Dowan (D:6)
  A killer bee (D:6)
  2 hounds (D:6)
  6 orc priests
  3 iguanas
  An orc wizard (D:6)
  4 gnolls
  6 adders
  A shadow imp (D:7)
  4 ufetubi
  An adder zombie (D:2)
  A worm (D:5)
  2 dart slugs
  9 orcs
  5 endoplasms
  2 giant cockroaches
  5 goblins
  4 hobgoblins
  6 jackals (D:2)
  20 kobolds
  3 quokkas
  7 ball pythons
  6 bats
  2 frilled lizards
  A jackal skeleton (D:2)
  3 rats
126 creatures vanquished.

Vanquished Creatures (others)
  A kobold (D:6)
  A withered plant (D:2)
2 creatures vanquished.

Grand Total: 128 creatures vanquished

Notes
Turn   | Place    | Note
-------+----------+-------------------------------------------
     0 | D:1      | M4edhros the Octopode Transmuter began the quest for the
                  | Orb.
     0 | D:1      | Reached XP level 1. HP: 13/13 MP: 3/3
   177 | D:1      | Reached XP level 2. HP: 18/18 MP: 5/5
   370 | D:1      | Reached skill level 4 in Unarmed Combat
   448 | D:1      | Reached XP level 3. HP: 18/23 MP: 6/6
  1206 | D:4      | Noticed a scorpion
  1215 | D:4      | Killed a scorpion
  1216 | D:4      | Reached skill level 5 in Unarmed Combat
  1216 | D:4      | Reached XP level 4. HP: 21/28 MP: 7/7
  1329 | D:4      | Found a staircase to the Ecumenical Temple.
  1353 | Temple   | Entered the Ecumenical Temple
  1399 | Temple   | Became a worshipper of Zin the Law-Giver
  1399 | Temple   | Reached * piety under Zin
  1424 | D:4      | Reached XP level 5. HP: 28/33 MP: 8/8
  1605 | D:3      | Found Faushrip's General Store.
  1633 | D:3      | Found a stormy altar of Qazlal.
  2004 | D:2      | Got the Textbook on the Flock
  2403 | D:3      | Found Bitzoukhlukh's Armour Emporium.
  2758 | D:3      | Reached skill level 1 in Invocations
  2878 | D:4      | Noticed a black bear
  2885 | D:4      | Killed a black bear
  2886 | D:4      | Reached XP level 6. HP: 14/39 MP: 9/9
  3022 | D:4      | Reached ** piety under Zin
  3306 | D:5      | Entered Level 5 of the Dungeon
  3385 | D:5      | Noticed an ice beast
  3405 | D:5      | Killed an ice beast
  3406 | D:5      | Reached skill level 6 in Unarmed Combat
  3478 | D:5      | Reached XP level 7. HP: 34/45 MP: 10/10
  3813 | D:5      | Reached *** piety under Zin
  3959 | D:5      | Found a sparkling altar of Nemelex Xobeh.
  3959 | D:5      | Found a shadowy altar of Dithmenos.
  4254 | D:6      | Found a bloodstained altar of Trog.
  4261 | D:6      | Noticed Maggie
  4281 | D:6      | Noticed Duvessa
  4281 | D:6      | Noticed Dowan
  4338 | D:6      | Reached XP level 8. HP: 37/54 MP: 11/11
  4510 | D:6      | Killed Maggie
  4511 | D:6      | Reached skill level 7 in Unarmed Combat
  4519 | D:6      | Reached skill level 5 in Dodging
  4660 | D:6      | Killed Duvessa
  4661 | D:6      | Reached skill level 5 in Invocations
  4664 | D:6      | Killed Dowan
  4938 | D:6      | Found a radiant altar of Vehumet.
  5059 | D:7      | Found Duthosk's Assorted Antiques.
  5072 | D:7      | Reached skill level 5 in Fighting
  5072 | D:7      | Reached XP level 9. HP: 55/61 MP: 12/12
  5119 | D:7      | Bought a tiny soapstone amulet for 95 gold pieces
  5143 | D:7      | Noticed Menkaure
  5316 | D:7      | Noticed Pikel
  5375 | D:7      | Found a transporter.
  5400 | D:7      | Gained mutation: You are somewhat resistant to further
                  | mutation. [potion of mutation]
  5404 | D:7      | Killed Menkaure
  5505 | D:7      | Killed Pikel
  5506 | D:7      | Reached skill level 8 in Unarmed Combat
  5513 | D:7      | Noticed a kobold demonologist
  5516 | D:7      | Noticed a kobold demonologist
  5615 | D:7      | Noticed a red devil
  5620 | D:7      | Noticed a sun demon
  5625 | D:7      | Noticed a soul eater
  5625 | D:7      | Noticed a hellwing
  5626 | D:7      | Killed a kobold demonologist
  5628 | D:7      | Noticed a rust devil
  5635 | D:7      | Noticed a sun demon
  5640 | D:7      | Slain by a soul eater

Illustrated notes

Levels and vault maps discovered:
D:1:      amcnicky_arrival_double_pillar, layout_loops_ring
D:2:      layout_loops_corners, serial_undead, serial_undead_b, serial_undead_c,
          serial_undead_a, serial_undead_e, minmay_distorted
D:3:      minmay_diamond_boxcup, layout_basic, lemuel_tele_altar, serial_shops,
          shop_statue, shop
D:4:      layout_rooms, minmay_temple_entry_slanted, grunt_ministairs_1,
          interstate_on_off
D:5:      layout_gridville, amethyst_overflow_temple_binary
D:6:      layout_cave_pools, fiery_altar_vehumet, bloody_trog, uniq_maggie,
          uniq_duvessa
D:7:      gammafunk_wand_slinger, layout_rooms, nicolae_overflow_two_pavilions,
          serial_shops, nicolae_shop_trees, minmay_tree_intersection,
          uniq_menkaure, uniq_pikel, uniq_crazy_yiuf_cottage
Temple:   chequers_temple_sunken

Skill      XL: |  1  2  3  4  5  6  7  8  9 |
---------------+----------------------------+-----
Unarmed Combat | 4 5 6 7 8 |  8.4
Invocations    | 1 2 3 5 6 |  6.6
Fighting       | 2 3 5 6 |  6.2
Dodging        | 3 4 5 6 |  6.4
Spellcasting   | |  2.0
Transmutations | |  2.0

Action                     |  1- 3 |  4- 6 |  7- 9 || total
---------------------------+-------+-------+-------++-------
  Melee: Unarmed           |    74 |    90 |   145 ||   309
         Constrict         |    16 |    23 |    32 ||    71
         Tentacles         |     7 |    20 |    49 ||    76
         Punch             |     3 |     6 |    10 ||    19
 Invoke: Recite            |       |       |     8 ||     8
         Vitalisation      |       |       |     1 ||     1
  Evoke: Wand              |       |       |    18 ||    18
    Use: Potion            |     1 |     4 |    12 ||    17
   Stab: Sleeping          |     7 |    11 |       ||    18
         Invisible         |       |     2 |     1 ||     3
         Distracted        |       |     1 |       ||     1
 Armour: Skin              |     7 |     6 |     5 ||    18
  Dodge: Dodged            |    48 |    43 |   168 ||   259

Table legend: (Time is in decaauts)
 A = Elapsed time spent in this place.
 B = Non-inter-level travel time spent in this place.
 C = Inter-level travel time spent in this place.
 D = Time resting spent in this place.
 E = Time spent auto-exploring this place.
 F = Levels seen in this place.
 G = Mean time per level.
                   A        B        C        D        E       F      G
               +--------+--------+--------+--------+--------+-----+--------+
         Total |   5612 |   5160 |    452 |    203 |   3853 |   8 |  701.5 |
       Dungeon |   5540 |   5110 |    430 |    203 |   3853 |   7 |  791.4 |
        Temple |     71 |     49 |     22 |      0 |      0 |   1 |   71.0 |
               +--------+--------+--------+--------+--------+-----+--------+

Top non-repeatable levels by time:
     D:5: 1040 daAuts
     D:2: 901 daAuts
     D:1: 899 daAuts
     D:6: 822 daAuts
     D:4: 793 daAuts
     D:3: 671 daAuts
     D:7: 412 daAuts
  Temple: 71 daAuts
